 Dungeon Crawl Stone Soup version 0.26.1-2-gb8aa6d0cf2 (webtiles) character file.

Game seed: 2876447783605996112

521161 CryoSword the Conqueror (level 25, -5/268 (273) HPs)
             Began as an Ogre Berserker on Feb 10, 2021.
             Was a High Priest of Trog.
             Slain by an azure jelly (8 damage)
             ... created by the Royal Jelly
             ... on level 4 of the Pits of Slime.
             The game lasted 03:56:48 (85602 turns).

CryoSword the Conqueror (Ogre Berserker)           Turns: 85602, Time: 03:56:49

HP:   -5/268 (273)  AC:  5    Str: 30    XL:     25   Next: 88%
MP:   23/23         EV: 17    Int: 20    God:    Trog [*****.]
Gold: 3166          SH:  5    Dex: 16    Spells: 24/24 levels left

rFire    + + .     SeeInvis .   a - +9 giant spiked club (spect)
rCold    + + .     Faith    .   (shield currently unavailable)
rNeg     + . .     Spirit   .   O - +7 gold dragon scales
rPois    +         Reflect  +   J - +1 hat
rElec    .         Harm     .   K - +2 cloak {rCorr}
rCorr    +         Rampage  .   (gloves unavailable)
Will     ++++.     Rnd*Rage +   (boots unavailable)
Stlth    ..........             x - amulet of reflection
HPRegen  1.54/turn              H - ring "Xorixesa" {rF+ rC+ rN+ Int+3}
MPRegen  0.18/turn              b - ring of Tarifat {EV+4 Int+9 Stlth+, =R}

@: corroded, berserk cooldown, regenerating, hasted and slowed, lightly drained
A: large, unfitting armour, berserk 1, frail 1, strong 1, tough skin 1
}: 2/15 runes: serpentine, barnacled
a: Renounce Religion, Berserk, Trog's Hand, Brothers in Arms


You were on level 4 of the Pits of Slime.
You worshipped Trog.
Trog was extremely pleased with you.
You visited 9 branches of the dungeon, and saw 47 of its levels.
You also visited: Ossuary, Bailey and Ice Cave.

You collected 6551 gold pieces.
You spent 3385 gold pieces at shops.

Inventory:

Hand Weapons
 a - a +9 spectral giant spiked club (weapon)
   (You acquired it on level 1 of the Depths)
 g - a +10 giant spiked club of flaming
   (Trog gifted it to you on level 1 of the Elven Halls)
 G - a +9 vorpal giant spiked club
   (Trog gifted it to you on level 5 of the Lair of Beasts)
 N - a +7 giant spiked club of flaming
   (Trog gifted it to you on level 3 of the Depths)
Missiles
 e - 72 boomerangs
 A - 116 large rocks (quivered)
 I - 7 silver boomerangs
Armour
 J - a +1 hat (worn)
   (You found it on level 8 of the Dungeon)
 K - a +2 cloak of preservation (worn)
   (You took it off a draconian annihilator on level 5 of the Depths)
 O - +7 gold dragon scales (worn)
   (You found it on level 3 of the Shoals)
Jewellery
 b - the ring of Tarifat (right hand) {EV+4 Int+9 Stlth+, =R}
   (You found it on level 1 of the Elven Halls)

   [ring of evasion]

   It affects your evasion (+4).
   It affects your intelligence (+9).
   It makes you more stealthy.
 v - an uncursed ring of protection from cold
   (You found it on level 5 of the Dungeon)
 x - an amulet of reflection (around neck)
   (You found it on level 3 of the Dungeon)
 H - the ring "Xorixesa" (left hand) {rF+ rC+ rN+ Int+3}
   (You took it off a boggart on level 3 of the Depths)

   [ring of positive energy]

   It affects your intelligence (+3).
   It protects you from fire.
   It protects you from cold.
   It protects you from negative energy.
 R - a +6 ring of dexterity
   (You found it on level 6 of the Lair of Beasts)
 U - an uncursed ring of flight
   (You bought it in a shop on level 10 of the Dungeon)
 V - an uncursed ring of protection from fire
   (You bought it in a shop on level 8 of the Dungeon)
 W - the ring of the Moon {rN+ Str+4 Dex-2 SInv}
   (You bought it in a shop on level 8 of the Dungeon)

   [ring of see invisible]

   It affects your strength (+4).
   It affects your dexterity (-2).
   It protects you from negative energy.
   It lets you see invisible.
Wands
 l - a wand of enslavement (25)
   (You took it off Maurice on level 8 of the Dungeon)
 o - a wand of acid (63)
   (You found it on level 9 of the Dungeon)
 w - a wand of disintegration (52)
   (You took it off Pikel on level 4 of the Dungeon)
 B - a wand of digging (10)
   (You found it on level 4 of the Dungeon)
 Q - a wand of iceblast (20)
   (You took it off Urug on level 5 of the Lair of Beasts)
Scrolls
 j - 3 scrolls of silence
 k - 28 scrolls of remove curse {@r2}
 m - 5 scrolls of blinking
 p - 7 scrolls of magic mapping
 y - 10 scrolls of fog
 z - 13 scrolls of teleportation {@r4}
 C - 5 scrolls of fear
 E - 25 scrolls of identify {@r1}
 P - 3 scrolls of summoning
Potions
 c - 8 potions of mutation {!q}
 d - 7 potions of resistance
 f - 4 potions of magic
 h - 5 potions of invisibility
 i - 3 potions of cancellation
 q - 25 potions of curing {@q1}
 r - 7 potions of attraction {!q}
 t - 3 potions of might
 u - 12 potions of lignification {!q}
 F - 6 potions of haste {@q3}
 L - 14 potions of ambrosia
 M - 5 potions of heal wounds {@q2}
Miscellaneous
 n - a tin of tremorstones (2/2)
   (You found it on level 11 of the Dungeon)


   Skills:
 O Level 27 Fighting
 - Level 22.0 Maces & Flails
 - Level 4.2(8.0) Slings
 + Level 13.1(13.5) Throwing
 + Level 16.6 Armour
 * Level 15.4 Dodging
 * Level 9.7 Evocations


You had 24 spell levels left.
You didn't know any spells.
Your spell library was empty.

Dungeon Overview and Level Annotations

Branches:
Dungeon (15/15)            Temple (0/1) D:6            Lair (6/6) D:9
 Shoals (4/4) Lair:2        Snake (4/4) Lair:3        Slime (5/5) Lair:6
    Orc (2/2) D:12            Elf (2/3) Orc:2        Vaults (4/5) D:14
  Crypt (0/3) Vaults:3     Depths (5/5) D:15            Zot (0/5) Depths:5
Ossuary (visited)          Bailey (visited)           IceCv (visited)

Altars:
Cheibriados
Dithmenos
Elyvilon
Gozag
Makhleb
Nemelex Xobeh
Okawaru
Trog
Vehumet
Xom
Yredelemnul
Zin
The Shining One
Beogh

Shops:
D:8 =   D:10 *   D:13 }   Orc:2 ??=[   Elf:2 [   Shoals:2 [   Shoals:4 !
Vaults:1 *   Vaults:3 ?   Depths:2 =

Portals:
Hell: Depths:1 Depths:2 Depths:3 Depths:4 Depths:5
Abyss: Depths:4
Pandemonium: Depths:2 Depths:3 Depths:4 Depths:5
Ziggurat: Depths:1
Trove: D:13 (give +5 ice dragon scales)

Annotations:
Slime:5 Royal Jelly
Depths:3 2 transporters, exclusion: obsidian statue


Innate Abilities, Weirdness & Mutations

You are too large for most types of armour.
You have tough skin. (AC +1)
You tend to lose your temper in combat.
You are frail. (-10% HP)
Your muscles are strong. (Str +2)


Message History

You impale the acid blob!!
Your hands burn!
The azure jelly barely misses you.
The azure jelly hits you but does no damage.
The azure jelly hits you. The azure jelly barely misses you.
The acid blob spits acid at you. The splash of acid hits you. You resist.
You are splashed with acid.
You resist.
The azure jelly hits you but does no damage. x2
The azure jelly hits you. The azure jelly closely misses you.
The acid blob spits acid at you.
The splash of acid hits you but does no damage.
You are splashed with acid.
You resist. The acid blob closely misses you. The death ooze hits you.
You partially resist.
You feel drained. You block the death ooze's attack.
You perforate the acid blob like a sieve!!!
Your hands burn!
The acid blob hits your spectral weapon!!
Your spectral weapon fades away.
You hammer the acid blob like a gong!!!
You kill the acid blob!
That felt strangely unrewarding.
The azure jelly completely misses you.
The azure jelly hits you but does no damage.
The azure jelly completely misses you.
The azure jelly hits you but does no damage.
The azure jelly hits you. The azure jelly freezes you! You resist.
The azure jelly barely misses you.
The azure jelly hits you but does no damage.
You block the azure jelly's attack. The acid blob barely misses you.
The acid blob spits acid at you.
The splash of acid hits you but does no damage.
The acid corrodes you!
You are splashed with acid.
You resist. The death ooze barely misses you.
The death ooze hits you but does no damage.
You sock the death ooze!
You draw out your weapon's spirit!
The death ooze hits you. The death ooze misses you. The azure jelly misses you.
The azure jelly hits you but does no damage. x3
You block the acid blob's attack. The azure jelly closely misses you.
The azure jelly barely misses you.
The azure jelly hits you but does no damage. x2
The acid blob hits you!!
* * * LOW HITPOINT WARNING * * *
You are splashed with acid.
You resist.
* * * LOW HITPOINT WARNING * * *
You block the death ooze's attack. The death ooze completely misses you.
The azure jelly hits your spectral weapon but does no damage. x3
The azure jelly barely misses your spectral weapon.
The acid blob hits you but does no damage.
The azure jelly hits you but does no damage.
The azure jelly closely misses you. You block the azure jelly's attack.
The azure jelly closely misses you.
You climb upwards.
Your spectral weapon fades away.
You feel a strong urge to attack something.
There is a stone staircase leading down, spattered with blood here.
You puncture the azure jelly!
You draw out your weapon's spirit!
You block the acid blob's attack.
The acid blob hits you but does no damage.
You block the death ooze's attack. The death ooze misses you.
The acid blob hits you but does no damage.
The acid blob hits you!
* * * LOW HITPOINT WARNING * * *
You are splashed with acid.
You resist.
* * * LOW HITPOINT WARNING * * *
The death ooze hits you!
* * * LOW HITPOINT WARNING * * *
You partially resist.
You feel drained.
* * * LOW HITPOINT WARNING * * *
The death ooze hits you!
* * * LOW HITPOINT WARNING * * *
Your gold dragon scales prevents you from hitting the azure jelly.
The azure jelly hits you but does no damage. x2
The azure jelly misses you.
The azure jelly hits you but does no damage.
The acid blob spits acid at you.
The splash of acid hits you but does no damage.
You are splashed with acid.
You resist.
* * * LOW HITPOINT WARNING * * *
The death ooze closely misses you. The death ooze misses you.
The acid blob barely misses you. You block the acid blob's attack.
You skewer the acid blob like a kebab!!!!
Your hands burn!
* * * LOW HITPOINT WARNING * * *
Your spectral weapon hits the acid blob!
Your spectral weapon is burned by acid!
Your spectral weapon shares its damage with you!
* * * LOW HITPOINT WARNING * * *
The death ooze completely misses you.
The death ooze hits you but does no damage.
The acid blob hits your spectral weapon!
Your spectral weapon shares its damage with you!
Your spectral weapon is splashed with acid.
Your spectral weapon shares its damage with you!
* * * LOW HITPOINT WARNING * * *
The acid blob hits your spectral weapon!!
Your spectral weapon shares its damage with you!
Your spectral weapon fades away.
* * * LOW HITPOINT WARNING * * *
The acid blob hits you!!
* * * LOW HITPOINT WARNING * * *
The acid corrodes you!
You are splashed with acid.
You resist.
* * * LOW HITPOINT WARNING * * *
The acid blob quivers.
You perforate the acid blob like a sieve!!!
You kill the acid blob!
That felt strangely unrewarding.
The death ooze closely misses you. The death ooze hits you.
* * * LOW HITPOINT WARNING * * *
You barely miss the death ooze. The acid blob spits acid at you.
The splash of acid hits you! You resist.
* * * LOW HITPOINT WARNING * * *
The acid corrodes you!
You are splashed with acid!
You resist.
* * * LOW HITPOINT WARNING * * *
The acid blob misses you.
You hammer the death ooze like a gong!!!
You destroy the death ooze!
That felt strangely unrewarding.
The acid blob misses you. The acid blob spits acid at you.
The splash of acid hits you. You resist.
* * * LOW HITPOINT WARNING * * *
You are splashed with acid.
You resist.
* * * LOW HITPOINT WARNING * * *
You hit the acid blob.
You draw out your weapon's spirit!
The acid corrodes you!
Your hands burn!
* * * LOW HITPOINT WARNING * * *
The acid blob barely misses you.
You spit the acid blob like a pig!!! The acid corrodes you!
Your hands burn!
* * * LOW HITPOINT WARNING * * *
You are no longer berserk.
You are exhausted.
You feel yourself slow down.
Your spectral weapon barely misses the acid blob.
The acid blob hits you!!
* * * LOW HITPOINT WARNING * * *
You are splashed with acid.
You resist.
* * * LOW HITPOINT WARNING * * *
The acid blob spits acid at you. The splash of acid hits you. You resist.
* * * LOW HITPOINT WARNING * * *
You are splashed with acid.
You resist.
* * * LOW HITPOINT WARNING * * *
The azure jelly hits you but does no damage.
The azure jelly hits you.
* * * LOW HITPOINT WARNING * * *
The azure jelly freezes you. You resist.
* * * LOW HITPOINT WARNING * * *
The azure jelly hits you but does no damage.
The azure jelly hits you!
You die...

....... .......
#......##........
##..#..#..........
#.................
##................
#.........<.......
#........J......#
##.#.....JJ(.....#
##........J@...^...
#...#.....J.....#..
##.##..........##
#.............##
##.##..#.....## ##
#.........#
##.........#
......##..#
..........


You could see 3 acid blobs, an azure jelly, a death ooze and a friendly +9
spectral giant spiked club (summoned).

Vanquished Creatures
  Mara (Shoals:4)
  Mennas (Vaults:2)
  A juggernaut (Depths:2)
  Frederick (Depths:4)
  Vashnia (Snake:2)
  The ghost of DizzySkin the Executioner, a veteran MiBe of Trog (Vaults:1)
  Saint Roka (Snake:3)
  5 caustic shrikes
  A golden dragon (Depths:5)
  The ghost of christhawk the Slayer, an adept MiHu of Okawaru (Vaults:3)
  the Enchantress (Depths:3)
  A bone dragon (Depths:5)
  3 liches
  4 tentacled monstrosities
  The ghost of RamboRex the Severer, an adept MiBe of Trog (Shoals:3)
  A deep elf blademaster (Elf:2)
  A titan (Depths:4)
  2 quicksilver dragons
  9 acid blobs
  A kraken (Shoals:1)
  Frances (Shoals:2)
  2 sphinxes (Depths:1)
  Gastronok (D:8)
  4 tengu reavers
  Kirke (Snake:2)
  A shadow dragon (Vaults:4)
  6 nagarajas
  A revenant (Vaults:3)
  Roxanne (Snake:2)
  8 azure jellies
  3 storm dragons
  A fire giant (Depths:2)
  2 orc warlords (Vaults:1)
  3 frost giants
  8 vault wardens
  A balrug (Depths:5)
  Aizul (Shoals:3)
  A draconian stormcaller (Depths:5)
  3 deep elf elementalists (Depths:4)
  13 ironheart preservers
  A draconian annihilator (Depths:5)
  12 very ugly things
  19 stone giants
  8 spriggan defenders
  2 green draconians (Depths:5)
  A deep elf demonologist (Vaults:3)
  A war gargoyle (Vaults:4)
  2 vampire knights
  3 spark wasps (Depths:1)
  A bunyip (shapeshifter) (Depths:4)
  4 deep elf annihilators
  A white draconian (Depths:5)
  An entropy weaver (Vaults:3)
  2 purple draconians (Depths:5)
  A yellow draconian (Depths:5)
  13 ettins
  A minotaur (Vaults:1)
  8 merfolk javelineers
  2 death oozes (Slime:4)
  2 crystal guardians (Vaults:4)
  4 green deaths
  10 merfolk impalers
  12 fire dragons
  The ghost of stripedtigrrr the Nimble, a journeyman GnWn of Okawaru (Lair:1)
  2 deep elf high priests
  2 deep elf death magi
  Josephine (D:11)
  3 jiangshi
  10 great orbs of eyes
  9 yaktaur captains
  6 ice dragons
  15 hydras
  8 rakshasas
  8 spriggan air magi
  Harold (D:7)
  5 merfolk avatars
  18 naga warriors
  2 monstrous demonspawn (Depths:2)
  8 boulder beetles
  9 anacondas
  6 vault guards
  10 centaur warriors
  The ghost of Sammaje the Cleaver, a novice MiBe of Trog (Lair:1)
  3 catoblepae
  A death knight (D:15)
  4 alligator snapping turtles (Shoals:4)
  6 tengu warriors
  39 two-headed ogres
  The ghost of Pouschon the Covert, a journeyman OpTm of Gozag (Lair:1)
  3 alligators (Depths:2)
  7 death yaks
  7 merfolk aquamancers
  5 deep troll shamans
  4 vampire magi
  The ghost of cada the Spear-Bearer, a novice DgTm (D:10)
  15 ogre magi
  22 dancing weapons
  7 deep troll earth magi
  16 naga sharpshooters
  A sun demon (Depths:4)
  7 shock serpents
  2 spriggan berserkers
  Sonja (Lair:2)
  Urug (Lair:5)
  3 soul eaters (Depths:5)
  6 orc high priests
  19 deep elf knights
  2 iron trolls
  4 salamander mystics
  7 hell knights
  14 skeletal warriors
  A sea snake (shapeshifter) (Vaults:4)
  2 goliath frogs (Depths:2)
  2 flayed ghosts
  3 swamp dragons
  11 sea snakes
  A shadow demon (Depths:4)
  15 deep trolls
  2 torturous demonspawn
  17 naga ritualists
  14 deep elf archers
  3 glowing orange brains
  6 unseen horrors
  5 wizards
  An orange crystal statue (Depths:3)
  Pikel (D:4)
  A stone giant zombie (D:15)
  17 harpies
  2 phantasmal warriors
  18 ironbrand convokers
  17 orc knights
  A sphinx skeleton (Depths:1)
  8 mana vipers
  2 necromancers
  5 wolf spiders
  2 shining eyes
  8 orc sorcerers
  16 salamanders
  6 fauns
  47 deep elf magi
  2 guardian serpents (shapeshifter)
  A moth of wrath (shapeshifter) (Depths:4)
  15 manticores
  6 cyclopes
  29 ugly things
  Maurice (D:8)
  A rust devil (Depths:3)
  A moth of wrath (Shoals:3)
  4 guardian serpents
  16 vault sentinels
  57 black mambas
  7 merfolk sirens
  An eye of devastation (shapeshifter) (Depths:5)
  2 smoke demons (Depths:5)
  29 naga magi
  Psyche (D:8)
  10 water nymphs
  4 torpor snails
  A gargoyle (D:12)
  3 ice statues (IceCv)
  A yaktaur zombie (Depths:1)
  7 cane toads
  A hellion (Depths:3)
  45 yaktaurs
  2 rime drakes (Lair:6)
  2 kobold demonologists
  3 komodo dragons
  Maggie (D:7)
  5 hellwings (Depths:5)
  3 tengu conjurers (Depths:1)
  5 freezing wraiths
  2 ice devils (Depths:3)
  6 trolls
  A tyrant leech (Depths:2)
  A jumping spider (shapeshifter) (D:14)
  A queen bee (D:10)
  8 red devils
  34 merfolk
  6 hornets
  10 polar bears
  3 meliai (D:14)
  8 wind drakes
  11 blink frogs
  2 hornets (shapeshifter)
  Grinder (D:3)
  A wind drake (shapeshifter) (Vaults:1)
  3 raiju (Lair:6)
  35 slime creatures
  11 dream sheep
  A meliai zombie (D:15)
  16 snapping turtles
  2 deep troll zombies (D:15)
  3 air elementals
  A tarantella (Vaults:3)
  16 water elementals
  2 redbacks (Vaults:3)
  2 shadows
  8 wyverns
  A tarantella (shapeshifter) (Depths:1)
  4 wraiths (D:11)
  5 spriggans
  A vampire (D:10)
  A yak (shapeshifter) (Depths:3)
  An ettin skeleton (D:15)
  34 yaks
  2 neqoxecs (Depths:4)
  5 fire elementals
  3 steam dragons
  5 hogs (Snake:2)
  10 basilisks
  2 chaos spawn (Depths:2)
  2 hogs (shapeshifter)
  14 vampire mosquitoes
  A yaktaur simulacrum (Vaults:1)
  12 wargs
  2 swamp worms (Depths:2)
  4 acid dragons
  48 nagas
  Duvessa (D:7)
  29 water moccasins
  15 hell hounds
  11 ice beasts
  A hornet zombie (D:14)
  2 swamp drakes (Depths:2)
  12 black bears
  47 orc warriors
  4 sky beasts
  An eye of draining (D:9)
  A fire dragon simulacrum (Depths:1)
  2 necrophages (D:7)
  4 phantoms
  79 wolves
  34 ogres
  5 boggarts
  A tengu (shapeshifter) (Depths:1)
  24 centaurs
  An ogre (shapeshifter) (Vaults:4)
  3 big kobolds
  23 bullfrogs
  2 earth elementals (Elf:1)
  A wyvern zombie (D:14)
  Dowan (D:7)
  11 scorpions
  2 wyvern skeletons
  A human simulacrum (Vaults:3)
  33 killer bees
  17 wights
  7 electric eels (D:12)
  5 howler monkeys
  4 lava snakes (Snake:4)
  7 crimson imps
  A bullfrog zombie (D:9)
  A centaur zombie (D:12)
  3 quasits
  3 iron imps (Depths:2)
  23 orc priests
  7 hounds
  11 jellies
  4 centaur skeletons
  A gnoll shaman (Orc:2)
  4 bullfrog skeletons
  23 orc wizards
  16 iguanas
  10 worker ants
  12 human skeletons (Vaults:1)
  8 mummies (Ossuary)
  A howler monkey zombie (D:5)
  9 gnolls
  4 adders
  9 shadow imps
  3 white imps
  6 ufetubi
  3 worms (D:2)
  3 dart slugs
  4 leopard geckos
  108 orcs
  5 bats
  6 giant cockroaches
  2 gnoll zombies (Ossuary)
  5 goblins
  5 hobgoblins
  14 jackals
  3 quokkas
  5 ball pythons
  5 frilled lizards
  A goblin zombie (D:6)
  6 hobgoblin zombies
  A jackal zombie (D:5)
  19 kobolds
  5 kobold zombies
  An orc skeleton (D:6)
  2 orc zombies (Ossuary)
  A quokka skeleton (D:9)
  5 rats
  8 plants
  2 tentacles (Shoals:1)
2165 creatures vanquished.

Vanquished Creatures (collateral kills)
  Dissolution (Slime:3)
  A nagaraja (Snake:4)
  A stone giant (Vaults:1)
  2 great orbs of eyes (Slime:5)
  A merfolk impaler (Shoals:3)
  A naga mage (Snake:4)
  A merfolk (Shoals:4)
8 creatures vanquished.

Vanquished Creatures (others)
  A fire giant (Vaults:3)
  2 deep elf magi (Elf:1)
  A naga mage (Snake:4)
  A yaktaur (Depths:4)
  A raiju (shapeshifter) (Vaults:1)
  An orc warrior (Elf:2)
  An ogre (Depths:2)
  An orc wizard (Vaults:1)
  An orc (Orc:2)
  63 fungi
  161 plants
  8 tentacles (Shoals:1)
  4 withered plants (Lair:1)
246 creatures vanquished.

Grand Total: 2419 creatures vanquished

Notes
Turn   | Place    | Note
-------+----------+-------------------------------------------
     0 | D:1      | CryoSword the Ogre Berserker began the quest for the Orb.
     0 | D:1      | Reached XP level 1. HP: 24/24 MP: 1/1
   315 | D:1      | Reached XP level 2. HP: 25/32 MP: 2/2
  1115 | D:2      | Reached XP level 3. HP: 40/40 MP: 3/3
  1827 | D:2      | Found a white marble altar of Elyvilon.
  1882 | D:2      | Reached ** piety under Trog
  2078 | D:2      | Reached XP level 4. HP: 40/49 MP: 4/4
  3309 | D:3      | Noticed Grinder
  3317 | D:3      | Killed Grinder
  3318 | D:3      | Reached skill level 5 in Fighting
  3318 | D:3      | Reached XP level 5. HP: 59/59 MP: 5/5
  3318 | D:3      | Reached XP level 6. HP: 67/67 MP: 6/6
  3895 | D:4      | Found a sand-covered staircase.
  3901 | Ossuary  | Entered an ossuary
  3951 | Ossuary  | Reached skill level 5 in Maces & Flails
  4390 | Ossuary  | Reached skill level 6 in Fighting
  4606 | D:4      | Noticed a phantom
  4615 | D:4      | Killed a phantom
  4616 | D:4      | Reached XP level 7. HP: 75/75 MP: 7/7
  5490 | D:5      | Entered Level 5 of the Dungeon
  5793 | D:5      | Noticed Pikel
  5895 | D:5      | Reached *** piety under Trog
  5913 | D:4      | Reached XP level 8. HP: 72/84 MP: 8/8
  5975 | D:5      | Reached skill level 7 in Fighting
  6273 | D:4      | Reached skill level 5 in Dodging
  6643 | D:4      | Killed Pikel
  6644 | D:4      | Reached skill level 8 in Fighting
  6922 | D:5      | Reached XP level 9. HP: 83/97 MP: 9/9
  7227 | D:5      | Reached skill level 9 in Fighting
  7609 | D:5      | Found a burning altar of Makhleb.
  7669 | D:5      | Found a burning altar of Makhleb.
  7669 | D:5      | Found a shadowy altar of Dithmenos.
  7762 | D:6      | Found an iron altar of Okawaru.
  7763 | D:6      | Found the +8 mithril axe "Arga" {speed, Will+}
  7928 | D:6      | You fall into a shaft and drop 1 floor!
  7928 | D:7      | Noticed Harold
  7934 | D:7      | Found a white marble altar of Elyvilon.
  7953 | D:7      | Noticed Maggie
  8497 | D:5      | Reached **** piety under Trog
  8673 | D:6      | Reached skill level 10 in Fighting
  8779 | D:6      | Found a glowing golden altar of the Shining One.
  9103 | D:6      | Reached skill level 10 in Maces & Flails
  9170 | D:6      | Reached XP level 10. HP: 101/111 MP: 10/10
  9420 | D:6      | Found a staircase to the Ecumenical Temple.
 10266 | D:7      | Noticed Duvessa
 10266 | D:7      | Noticed Dowan
 10296 | D:7      | Killed Duvessa
 10398 | D:7      | Killed Dowan
 10614 | D:7      | Killed Maggie
 10615 | D:7      | Reached skill level 11 in Fighting
 10753 | D:7      | Killed Harold
 10957 | D:8      | Noticed Psyche
 10968 | D:8      | Killed Psyche
 11176 | D:8      | Noticed Maurice
 11229 | D:8      | Killed Maurice
 11290 | D:8      | Noticed a two-headed ogre
 11303 | D:8      | Killed a two-headed ogre
 11304 | D:8      | Reached skill level 12 in Fighting
 11304 | D:8      | Reached XP level 11. HP: 123/123 MP: 11/11
 11514 | D:8      | Found Liys's Jewellery Shoppe.
 11518 | D:8      | Bought a +4 ring of evasion for 396 gold pieces
 11579 | D:8      | Noticed Gastronok
 11599 | D:8      | Killed Gastronok
 12202 | D:8      | Reached skill level 13 in Fighting
 12688 | D:9      | Found a radiant altar of Vehumet.
 12694 | D:9      | Found a staircase to the Lair.
 13828 | D:9      | Reached ***** piety under Trog
 13943 | D:10     | Entered Level 10 of the Dungeon
 14207 | D:10     | Noticed a two-headed ogre
 14406 | D:10     | Killed a two-headed ogre
 14451 | D:10     | Found a runed translucent gate.
 14451 | D:10     | Found a runed translucent gate.
 14451 | D:10     | Found a runed translucent gate.
 14451 | D:10     | Found an opulent altar of Gozag.
 14455 | D:10     | Noticed cada's ghost (novice DgTm)
 14471 | D:10     | Found Usolysso's Assorted Antiques.
 14493 | D:10     | Reached XP level 12. HP: 100/137 MP: 12/12
 15076 | D:11     | Reached skill level 14 in Fighting
 15259 | D:11     | Noticed Josephine
 15266 | D:11     | Noticed a soul eater
 15338 | D:10     | Received a gift from Trog
 15434 | D:11     | Found a flagged portal.
 15440 | Bailey   | Entered a bailey
 16347 | D:11     | Reached skill level 1 in Armour
 17198 | D:11     | Reached skill level 15 in Fighting
 17198 | D:11     | Reached skill level 15 in Maces & Flails
 17198 | D:11     | Reached skill level 5 in Armour
 17198 | D:11     | Reached XP level 13. HP: 148/148 MP: 13/13
 17888 | D:12     | Found a frozen archway.
 17910 | IceCv    | Entered an ice cave
 20281 | D:12     | Found a staircase to the Orcish Mines.
 20433 | D:12     | Reached XP level 14. HP: 159/161 MP: 14/14
 21045 | D:13     | Found Jeokh's Gadget Shop.
 21124 | D:13     | Reached skill level 16 in Fighting
 22412 | D:13     | Found a portal to a secret trove of treasure.
 22611 | Lair:1   | Entered Level 1 of the Lair of Beasts
 22695 | Lair:1   | Found a runed translucent gate.
 22695 | Lair:1   | Found a runed translucent gate.
 22695 | Lair:1   | Found a runed translucent gate.
 22696 | Lair:1   | Noticed stripedtigrrr's ghost (journeyman GnWn)
 23899 | Lair:1   | Noticed Pouschon's ghost (journeyman OpTm)
 24223 | Lair:1   | Noticed Sammaje's ghost (novice MiBe)
 24622 | Lair:2   | Found a staircase to the Shoals.
 24635 | Lair:2   | Reached ****** piety under Trog
 24773 | Lair:2   | Noticed Sonja
 24791 | Lair:2   | Killed Sonja
 25342 | Lair:2   | Found a snail-covered altar of Cheibriados.
 26532 | Lair:3   | Found a staircase to the Snake Pit.
 26561 | Lair:3   | Reached skill level 17 in Fighting
 26952 | Lair:3   | Received a gift from Trog
 27481 | Lair:4   | Reached XP level 15. HP: 54/174 MP: 15/15
 28281 | Lair:4   | Reached skill level 10 in Armour
 29596 | Lair:5   | Received a gift from Trog
 29895 | Lair:5   | Noticed Urug
 30159 | Lair:5   | Killed Urug
 30342 | Lair:6   | Entered Level 6 of the Lair of Beasts
 31054 | Lair:6   | Reached skill level 18 in Fighting
 31477 | Lair:6   | Received a gift from Trog
 31791 | Lair:6   | Found a staircase to the Slime Pits.
 32896 | D:11     | Killed Josephine
 32897 | D:11     | Reached XP level 16. HP: 182/182 MP: 16/16
 32997 | D:10     | Killed cada's ghost
 33020 | D:10     | Bought an encrusted onyx ring for 155 gold pieces
 33020 | D:10     | Bought a scroll of blinking for 232 gold pieces
 33116 | D:8      | Bought an uncursed ring of protection from fire for 275
                  | gold pieces
 33116 | D:8      | Bought the ring of the Moon {rN+ Str+4 Dex-2 SInv} for 334
                  | gold pieces
 33187 | Lair:1   | Killed stripedtigrrr's ghost
 33192 | Lair:1   | Killed Sammaje's ghost
 33196 | Lair:1   | Killed Pouschon's ghost
 33286 | Lair:1   | Got a shimmering robe
 33287 | Lair:1   | Identified the +2 robe "Asuolir" {*Corrode +Inv Dex+6} (You
                  | found it on level 1 of the Lair of Beasts)
 34217 | D:14     | Found a gate to the Vaults.
 34450 | D:14     | Reached skill level 1 in Throwing
 34606 | D:14     | Received a gift from Trog
 35135 | D:15     | Entered Level 15 of the Dungeon
 36456 | D:15     | Reached skill level 19 in Fighting
 36628 | D:15     | Found a staircase to the Depths.
 37092 | Orc:1    | Entered Level 1 of the Orcish Mines
 37442 | Orc:2    | Entered Level 2 of the Orcish Mines
 37442 | Orc:2    | Found a staircase to the Elven Halls.
 37738 | Orc:2    | Found a roughly hewn altar of Beogh.
 37838 | Orc:2    | Received a gift from Trog
 37949 | Orc:2    | Found Ocug's Armour Shoppe.
 37967 | Orc:2    | Reached XP level 17. HP: 186/198 MP: 17/17
 38708 | Orc:2    | Found Suot's Jewellery Boutique.
 38713 | Orc:2    | Found Siteenlo's Magic Scroll Boutique.
 38719 | Orc:2    | Found Mecsef's Magic Scroll Shoppe.
 38875 | Orc:2    | Bought a scroll of blinking for 120 gold pieces
 38875 | Orc:2    | Bought a scroll of enchant weapon for 120 gold pieces
 38875 | Orc:2    | Bought 3 scrolls of enchant armour for 360 gold pieces
 38875 | Orc:2    | Bought a scroll of magic mapping for 56 gold pieces
 38877 | Orc:2    | Bought a scroll of magic mapping for 52 gold pieces
 38877 | Orc:2    | Bought a scroll of enchant armour for 112 gold pieces
 38877 | Orc:2    | Bought a scroll of teleportation for 45 gold pieces
 39400 | Snake:1  | Entered Level 1 of the Snake Pit
 39753 | Snake:1  | Reached skill level 5 in Throwing
 39786 | Snake:1  | Received a gift from Trog
 40307 | Snake:1  | Found a shimmering altar of Xom.
 41567 | Snake:2  | Noticed Vashnia
 41581 | Snake:2  | Killed Vashnia
 41747 | Snake:2  | Identified Roxanne's Incunabulum of Changing
 41747 | Snake:2  | Noticed Roxanne
 41809 | Snake:2  | Received a gift from Trog
 42244 | Snake:2  | Reached skill level 20 in Fighting
 42302 | Snake:2  | Noticed Kirke
 42316 | Snake:2  | Killed Kirke
 42454 | Snake:2  | Found a runed translucent door.
 43075 | Snake:3  | Noticed Saint Roka
 43095 | Snake:3  | Killed Saint Roka
 43096 | Snake:3  | Reached XP level 18. HP: 210/210 MP: 18/18
 44928 | Snake:4  | Entered Level 4 of the Snake Pit
 45057 | Snake:4  | Received a gift from Trog
 47039 | Snake:4  | Received a gift from Trog
 47290 | Snake:4  | Reached skill level 10 in Dodging
 47900 | Snake:4  | Reached skill level 21 in Fighting
 48263 | Snake:4  | Reached XP level 19. HP: 223/223 MP: 19/19
 48438 | Snake:4  | Received a gift from Trog
 48877 | Snake:4  | Got a serpentine rune of Zot
 49124 | Shoals:1 | Entered Level 1 of the Shoals
 51586 | Shoals:2 | Received a gift from Trog
 51654 | Shoals:2 | Noticed Frances
 51674 | Shoals:2 | Killed Frances
 52740 | Shoals:2 | Found Nounofam's Armour Emporium.
 53213 | Shoals:3 | Found a transporter.
 53214 | Shoals:3 | Found a bloodstained altar of Trog.
 53214 | Shoals:3 | Noticed RamboRex's ghost (adept MiBe)
 53215 | Shoals:3 | Identified the +10 trident of Integrity {antimagic, *Noise
                  | +Inv rC+}
 53222 | Shoals:3 | Found a transporter.
 53301 | Shoals:3 | Received a gift from Trog
 53339 | Shoals:3 | Identified the +1 trident "Jozigh" {antimagic, rF- MP+9
                  | Dex+3}
 53349 | Shoals:3 | Reached skill level 22 in Fighting
 53362 | Shoals:3 | Killed RamboRex's ghost
 53880 | Shoals:3 | Found a white marble altar of Elyvilon.
 54345 | Shoals:4 | Entered Level 4 of the Shoals
 54359 | Shoals:4 | Noticed Aizul
 54370 | Shoals:3 | Killed Aizul
 54575 | Shoals:4 | Noticed Mara
 55062 | Shoals:4 | Reached XP level 20. HP: 232/239 MP: 18/20
 55584 | Shoals:4 | Noticed CryoSword's illusion
 56289 | Shoals:4 | Noticed CryoSword's illusion
 56481 | Shoals:4 | Noticed CryoSword's illusion
 56897 | Shoals:4 | Noticed CryoSword's illusion
 56904 | Shoals:4 | Killed Mara
 56905 | Shoals:4 | Reached skill level 23 in Fighting
 56905 | Shoals:4 | Reached skill level 1 in Slings
 57179 | Shoals:4 | Got a barnacled rune of Zot
 57339 | Shoals:4 | Found Bawogat's Distillery.
 57347 | Shoals:4 | Bought a potion of curing for 57 gold pieces
 57347 | Shoals:4 | Bought a potion of heal wounds for 95 gold pieces
 57347 | Shoals:4 | Bought a potion of cancellation for 152 gold pieces
 57347 | Shoals:4 | Bought a potion of haste for 190 gold pieces
 57356 | Shoals:4 | Received a gift from Trog
 57555 | Shoals:4 | Identified the Guide on Necromancy and Poison
 57832 | Vaults:1 | Entered Level 1 of the Vaults
 57916 | Vaults:1 | Found Veskov's General Store.
 57924 | Vaults:1 | Bought a potion of curing for 39 gold pieces
 58391 | Vaults:1 | Found a runed translucent gate.
 58392 | Vaults:1 | Found a runed translucent gate.
 58392 | Vaults:1 | Found a runed translucent gate.
 58392 | Vaults:1 | Noticed DizzySkin's ghost (veteran MiBe)
 58403 | Vaults:1 | Found an iron altar of Okawaru.
 59394 | Vaults:1 | Received a gift from Trog
 60335 | Snake:2  | Killed Roxanne
 61390 | Vaults:2 | Reached XP level 21. HP: 232/250 MP: 21/21
 62007 | Vaults:2 | Reached skill level 24 in Fighting
 62645 | Vaults:2 | Received a gift from Trog
 62860 | Vaults:2 | Noticed Mennas
 62881 | Vaults:2 | Killed Mennas
 63396 | Vaults:3 | Found a large runed translucent door.
 63397 | Vaults:3 | Found a large runed translucent door.
 63398 | Vaults:3 | Noticed christhawk's ghost (adept MiHu)
 63437 | Vaults:3 | Killed christhawk's ghost
 63502 | Vaults:3 | Reached skill level 25 in Fighting
 63998 | Vaults:3 | Received a gift from Trog
 64900 | Vaults:3 | Reached XP level 22. HP: 267/267 MP: 22/22
 65169 | Vaults:3 | Found a staircase to the Crypt.
 65217 | Vaults:3 | Found Rohengipp's Magic Scroll Boutique.
 65225 | Vaults:3 | Bought 3 scrolls of fog for 84 gold pieces
 65225 | Vaults:3 | Bought a scroll of magic mapping for 49 gold pieces
 65225 | Vaults:3 | Bought a scroll of enchant armour for 105 gold pieces
 65225 | Vaults:3 | Bought a scroll of enchant weapon for 105 gold pieces
 65225 | Vaults:3 | Bought 2 scrolls of enchant armour for 210 gold pieces
 65225 | Vaults:3 | Bought a scroll of teleportation for 42 gold pieces
 66873 | Vaults:4 | Reached skill level 26 in Fighting
 68346 | Elf:1    | Entered Level 1 of the Elven Halls
 68389 | Elf:1    | Received a gift from Trog
 69160 | Elf:1    | Got a slimy turquoise ring
 69582 | Lair:1   | Identified the ring of Tarifat {EV+4 Int+9 Stlth+} (You
                  | found it on level 1 of the Elven Halls)
 69854 | Elf:2    | Received a gift from Trog
 69927 | Elf:2    | Found Nemakeno's Armour Shoppe.
 70079 | Elf:2    | Reached skill level 27 in Fighting
 70208 | Elf:2    | Found a runed translucent gate.
 70208 | Elf:2    | Found a runed translucent gate.
 70208 | Elf:2    | Found a runed translucent gate.
 70739 | Elf:2    | Reached skill level 15 in Armour
 70809 | Elf:2    | Reached XP level 23. HP: 255/284 MP: 14/23
 71656 | Vaults:1 | Killed DizzySkin's ghost
 72049 | Depths:1 | Entered Level 1 of the Depths
 72146 | Depths:1 | Found a gateway to Hell.
 72233 | Depths:1 | Reached skill level 10 in Throwing
 72241 | Depths:1 | Received a gift from Trog
 73384 | Depths:1 | Found a glowing silver altar of Zin.
 73385 | Depths:1 | Found a basalt altar of Yredelemnul.
 73385 | Depths:1 | Found a shimmering altar of Xom.
 73385 | Depths:1 | Found a sparkling altar of Nemelex Xobeh.
 73878 | Depths:1 | Found a gateway to a ziggurat.
 74063 | Depths:1 | Identified a scroll of acquirement
 74064 | Depths:1 | Acquired a +6 spectral giant spiked club
 74134 | Depths:2 | Received a gift from Trog
 74225 | Depths:2 | Got an ichor-stained great mace {god gift}
 74226 | Depths:2 | Identified the +6 great mace "Paptaum" {vorpal, +Fly rF+
                  | rC+ Stlth+} (Trog gifted it to you on level 2 of the
                  | Depths)
 74249 | Depths:2 | Found a one-way gate leading to the halls of Pandemonium.
 74265 | Depths:2 | Reached skill level 1 in Evocations
 75404 | Depths:2 | Reached XP level 24. HP: 265/295 MP: 23/23
 75612 | Depths:2 | Found Vehuaxat's Jewellery Shoppe.
 75681 | Depths:2 | Noticed a juggernaut
 75688 | Depths:2 | Killed a juggernaut
 75914 | Depths:3 | Received a gift from Trog
 76240 | Depths:3 | Noticed a juggernaut
 76241 | Depths:3 | Found a transporter.
 76242 | Depths:3 | Noticed a juggernaut
 76671 | Depths:3 | Found a transporter.
 76769 | Depths:3 | Noticed the Enchantress
 76780 | Depths:3 | Killed the Enchantress
 76781 | Depths:3 | Reached skill level 5 in Evocations
 77153 | Depths:3 | Received a gift from Trog
 77172 | Depths:3 | Identified the ring "Xorixesa" {rF+ rC+ rN+ Int+3}
 78007 | Depths:3 | Identified the +2 arbalest "Pophoelum" {venom, *Slow rN+++
                  | Int+2 Stlth-}
 78792 | Depths:4 | Noticed Frederick
 78808 | Depths:4 | Killed Frederick
 79158 | Depths:4 | Found a one-way gate to the infinite horrors of the Abyss.
 79483 | Depths:4 | Gained mutation: You tend to lose your temper in combat. [a
                  | neqoxec]
 79620 | Depths:4 | Noticed a caustic shrike
 79770 | Depths:4 | Received a gift from Trog
 80054 | Depths:3 | Killed a caustic shrike
 80606 | Vaults:3 | Got a masterwork giant club {god gift}
 80607 | Vaults:3 | Identified the +2 giant club of the Lair of Beasts {flame,
                  | rElec Int+4} (Trog gifted it to you on level 3 of the
                  | Vaults)
 80986 | Depths:4 | Reached XP level 25. HP: 285/304 MP: 23/23
 81206 | Depths:4 | Found the +8 glaive of the Guard {elec, spectral, AC+5}
 81282 | Depths:5 | Entered Level 5 of the Depths
 82571 | Depths:5 | Received a gift from Trog
 83534 | Depths:5 | Found a gate to the Realm of Zot.
 83609 | Depths:5 | Reached skill level 15 in Dodging
 84300 | Slime:1  | Entered Level 1 of the Pits of Slime
 84314 | Slime:1  | Gained mutation: Your muscles are strong. (Str +2) [a
                  | shining eye]
 84464 | Slime:4  | Noticed Dissolution
 84469 | Slime:4  | Paralysed by a floating eye for 2 turns
 84506 | Slime:3  | Killed Dissolution
 84518 | Slime:5  | Entered Level 5 of the Pits of Slime
 84538 | Slime:5  | Noticed the Royal Jelly
 84539 | Slime:5  | Received a gift from Trog
 84541 | Slime:5  | Gained mutation: You are frail. (-10% HP) [a shining eye]
 85602 | Slime:4  | HP: 10/268 [acid[the Royal Jelly] (6)]
 85602 | Slime:4  | HP: 3/268 [azure jelly[the Royal Jelly] (6)]
 85602 | Slime:4  | Slain by an azure jelly

Illustrated notes

Levels and vault maps discovered:
D:1:      ncdulo_smallfort, layout_basic
D:2:      layout_basic, old_standard_altar
D:3:      layout_loops_ring, wad_orctagon, uniq_grinder
D:4:      layout_loops_ring, nicolae_ossuary_entry_monument
D:5:      layout_rooms, gammafunk_temple_overflow_wave,
          makhleb_blood_cavern_becter, uniq_pikel
D:6:      layout_cave_pools, okawaru_ov_weapons_minmay, temple_green,
          minmay_misc_feat_square, nicolae_tso_besieged_by_evil
D:7:      layout_loops_ring, basic_altar, uniq_duvessa, uniq_maggie, uniq_harold
D:8:      layout_gridville, serial_shops, nicolae_shop_behind_doors,
          uniq_maurice, uniq_gastronok, uniq_psyche
D:9:      layout_gridville, vehumet_altar_wand_db, minmay_lair_entry_grove
D:10:     layout_basic, ebering_ghost_gozag
D:11:     layout_roguey [special_room_bee], enter_bailey_2, uniq_josephine
D:12:     layout_basic, david_orc_1_choice, portal_ice_cave_entry_pillars_1
D:13:     layout_rooms, serial_shops, shop, trove_entry_hex_spiral,
          kennysheep_generic_room_11
D:14:     layout_basic, david_vaults_5, minmay_misc_feat_four_crosses
D:15:     gammafunk_depths_entry_grave, layout_rooms,
          hangedman_abyss_or_decor_stabs
Lair:1:   cheibrodos_lair_river_kwai, layout_regular_city,
          gammafunk_ghost_cemetery
Lair:2:   layout_layer_cave, shoals_dummy_entry, kennysheep_snail_temple,
          uniq_sonja
Lair:3:   layout_hall_layers, dummy_snake_entry
Lair:4:   layout_roguey, grunt_forest_large_clearings
Lair:5:   layout_hall_layers, st_stairs_8, minivault_26, uniq_urug
Lair:6:   guppyfry_lair_end_dragon, layout_regular_city,
          hangedman_lair_caniforms_friends, dpeg_slime_entry_corner
Shoals:1: cheibrodos_shoals_roost, layout_shoals,
          nicolae_shoals_kraken_intersection
Shoals:2: layout_shoals, serial_shops, shop, uniq_frances
Shoals:3: layout_shoals, gammafunk_ghost_wrathful_warriors,
          lemuel_altar_in_water
Shoals:4: shoals_end_grunt_ice, layout_shoals, serial_shops, shop, uniq_mara,
          uniq_aizul
Snake:1:  layout_rooms, basic_altar, drop_trap, hangedman_venom_bottle
Snake:2:  cheibrodos_toxic_ritual, layout_grid_shapes, uniq_roxanne,
          uniq_vashnia, uniq_kirke
Snake:3:  layout_grid_maze, special_room, uniq_saint_roka
Snake:4:  snake_pit, layout_misc_corridors, st_stairs_7, nicolae_snake_lava_pool
Slime:1:  layout_caves
Slime:2:  layout_caves
Slime:3:  layout_caves, basic_altar
Slime:4:  layout_caves, uniq_dissolution
Slime:5
Orc:1:    layout_caves
Orc:2:    st_orc_elflike, layout_caves, basic_altar
Elf:1:    lemuel_upstairs_altar, layout_geoelf_grid, evilmike_minifort
Elf:2:    layout_loops_ring, serial_shops, nicolae_shop_behind_doors,
          dk_noncrumbling_3, amcnicky_mini_rare_corridor_liquid,
          palyth_stone_intersect, drop_trap
Vaults:1: gammafunk_vaults_ghost_fury_of_okawaru, dpeg_vaults_monster_row,
          v_pattern_5, ontoclasm_vaults_tryst, v_misc_31, v_misc_4,
          grunt_vaults_hallway_long, ontoclasm_vaults_hangar,
          hangedman_vaults_capsules, nicolae_vaults_circle_grid_a,
          nicolae_vaults_network_periphery, vaults_dpeg_encased_lava,
          nicolae_vaults_rhombus_6, ontoclasm_vaults_twist, layout_vaults_ring,
          serial_shops, nicolae_shop_temple_entry_statues_fountains
Vaults:2: v_misc_15, nicolae_vaults_network_quincunx
          [nicolae_vaults_network_quincunx_subvault,
          nicolae_vaults_network_quincunx_subvault,
          nicolae_vaults_network_quincunx_subvault,
          nicolae_vaults_network_quincunx_subvault,
          nicolae_vaults_network_quincunx_subvault], vaults_room_semicircle,
          nicolae_vaults_stairing_the_circle, hangedman_vaults_variations,
          nicolae_vaults_windows_and_doors_thing, v_pattern_2,
          nicolae_vaults_twisting_passages, nicolae_vaults_little_ls,
          grunt_vaults_diagonal, ontoclasm_vaults_pinch, layout_vaults_maze,
          uniq_mennas
Vaults:3: ebering_vaults_ghost_disaster_area, nicolae_vaults_what_the_h,
          minmay_crypt_entry_simple_corners, vaults_room_pool,
          vaults_room_glass_cross, v_misc_18, vaults_dpeg_ring,
          nicolae_vaults_little_squares_1, layout_vaults_big_room, serial_shops,
          shop
Vaults:4: vaults_room_octagon, dpeg_vaults_pockets_of_resistance,
          nicolae_vaults_rhombus_7, hangedman_vaults_cutoff,
          nicolae_vaults_little_squares_1, nicolae_vaults_rhombus_6,
          nicolae_vaults_mini_display_case, vaults_room_pools,
          layout_vaults_omnigrid
Depths:1: minmay_the_grid_octo_tiled_octocenter [minmay_the_grid_octo_clover_2,
          minmay_the_grid_octo_checkered, minmay_the_grid_octo_odd_swirl,
          minmay_the_grid_octo_shrine, minmay_the_grid_octo_prize_single_spiral,
          minmay_the_grid_square_5x5_detours,
          minmay_the_grid_square_5x5_one_wall,
          minmay_the_grid_square_5x5_gyroscope,
          minmay_the_grid_square_5x5_spiral], layout_gridlike, enter_ziggurat_e,
          pf_hell_entry_tar_spiral, minmay_misc_feat_hallway, minmay_holes,
          corner_web_ring, roderic_three_in_a_row, kennysheep_two_boxes
Depths:2: onia_ninara_swampy_vault, layout_basic, grunt_hell_entry_dis_mu,
          serial_bayou_pond_d, grunt_pan_entry_in_and_out, serial_shops, shop,
          infiniplex_staircase_squiggle
Depths:3: gammafunk_sealed_arena, layout_cave_shapes, nicolae_lava_and_water,
          rand_demon_pan_entry_8, hell_entry, horrible_house_mu,
          infiniplex_staircase_spiral_double, uniq_enchantress
Depths:4: minmay_guarded_unrand_guard, layout_cave_shapes, abyss_entry,
          hell_entry, rand_demon_pan_entry_9, hangedman_decor_slide_cut,
          mu_enter_wizlab_3, st_stairs_8, minmay_staircase_statues,
          uniq_frederick
Depths:5: grunt_zot_entry_alcove, layout_basic, hangedman_abyss_or_decor_passed,
          hellmouth_2, grunt_pan_entry_zigzag

Skill      XL: |  1  2  3  4  5  6  7  8  9 10 11 12 13 14 15 16 17 18 19 20 21 22 23 24 25 |
---------------+----------------------------------------------------------------------------+-----
Maces & Flails | 3 4 5 6 8 10 11 13 15 16 18 19 20 22 | 22.0
Dodging        | 3 4 5 6 8 10 12 14 15 | 15.4
Fighting       | 5 6 8 10 12 13 15 17 18 19 20 21 22 23 25 27 | 27.0
Armour         | 5 6 9 11 12 13 15 16 | 16.6
Throwing       | 4 5 7 9 11 12 13 | 13.1
Slings         | 4 |  4.2
Evocations     | 3 7 9 |  9.7

Action                   |  1- 3 |  4- 6 |  7- 9 | 10-12 | 13-15 | 16-18 | 19-21 | 22-24 | 25-27 || total
-------------------------+-------+-------+-------+-------+-------+-------+-------+-------+-------++-------
Melee: Mace              |   104 |    50 |       |       |       |       |       |       |       ||   154
       Flail             |       |    76 |   118 |       |       |       |       |       |       ||   194
       Whip              |       |       |   188 |   721 |   147 |       |       |       |       ||  1056
       Giant spiked club |       |       |       |       |  1006 |  1102 |  1264 |  1278 |   413 ||  5063
Throw: Boomerang         |       |    27 |       |    58 |    26 |     1 |    28 |       |    11 ||   151
       Dart              |       |       |       |    32 |       |       |       |       |       ||    32
       Large rock        |       |       |       |       |       |    15 |    10 |    15 |       ||    40
Invok: Berserk           |     3 |     9 |    20 |    26 |    24 |    37 |    18 |     7 |     2 ||   146
       Trog's Hand       |       |     1 |     1 |    10 |     8 |    10 |    10 |     6 |     5 ||    51
       Brothers in Arms  |       |       |       |       |       |     2 |     3 |     2 |     2 ||     9
 Abil: Evoke Flight      |       |       |       |       |       |       |       |     2 |     1 ||     3
Evoke: Wand              |       |       |       |       |     2 |       |       |       |       ||     2
  Use: Scroll            |       |     7 |     9 |    13 |    12 |    10 |     8 |    16 |     3 ||    78
       Potion            |       |       |     2 |     3 |     2 |     2 |     2 |     3 |     1 ||    15
 Stab: Sleeping          |       |     1 |     1 |       |       |       |       |       |       ||     2
       Petrified         |       |       |       |       |     4 |       |       |       |       ||     4
       Distracted        |       |       |       |       |       |     1 |     1 |     8 |     4 ||    14
       Confused          |       |       |       |       |       |       |       |     2 |     1 ||     3
Armor: Animal skin       |    29 |    23 |    44 |     9 |       |       |       |       |       ||   105
       Swamp dragon scal |       |       |       |   122 |   475 |   325 |    82 |       |       ||  1004
       Gold dragon scale |       |       |       |       |       |       |   518 |   738 |   280 ||  1536
Dodge: Dodged            |    79 |    76 |   129 |   402 |   959 |   916 |   751 |   627 |   329 ||  4268
Block: Other             |       |     4 |    62 |   125 |   329 |   252 |   263 |   213 |    92 ||  1340
       Reflection        |       |       |     2 |    20 |     5 |    34 |    31 |    25 |     2 ||   119
